 Dungeon Crawl Stone Soup version 0.16.1-11-g651b585 (webtiles) character file.

117454 Trafet the Nimble (level 16, -3/140 HPs)
             Began as a Deep Dwarf Wizard on Apr 6, 2015.
             Was the Champion of Makhleb.
             Slain by Wiglaf
             ... wielding a +0 broad axe
              (36 damage)
             ... on level 3 of the Spider Nest.
             The game lasted 03:53:58 (42726 turns).

Trafet the Nimble (Deep Dwarf Wizard)              Turns: 42726, Time: 03:53:58

Health: -3/140     AC: 18    Str: 15 (19) XL:     16   Next: 23%
Magic:  26/41      EV: 16    Int: 17 (25) God:    Makhleb [******]
Gold:   2090       SH: 14    Dex: 10 (11) Spells: 7 memorised, 18 levels left

rFire  . . .     SeeInvis .     A - +9 hunting sling of Overwhelming Force {venom, +Fly MP+9 Str+4 Stlth-}
rCold  + . .     Clarity  +     r - +3 leather armour {rC+}
rNeg   + . .     SustAb   .     M - +2 shield
rPois  +         Gourm    .     v - +0 helmet
rElec  .         Spirit   .     E - +1 cloak
rCorr  .         Warding  .     U - +2 pair of gloves {Str+3}
rMut   .         Stasis   .     D - +2 pair of boots
MR     ++...                    t - amulet of clarity
Stlth  +.........               u - ring of poison resistance
                                J - ring of wizardry

@: non-regenerating, very resistant to hostile enchantments, very unstealthy
A: damage resistance, recharge devices, negative energy resistance 1, sense
surroundings 2, slow healing 3
a: Device Recharging, Minor Destruction, Lesser Servant of Makhleb, Major
Destruction, Greater Servant of Makhleb, Renounce Religion, Evoke Flight


You were on level 3 of the Spider Nest.
You worshipped Makhleb.
Makhleb was exalted by your worship.
You were hungry.

You visited 5 branches of the dungeon, and saw 29 of its levels.
You also visited: Ice Cave and Volcano.

You collected 2947 gold pieces.
You spent 857 gold pieces at shops.

Inventory:

Hand weapons
 s - the +1 mace of Defence by Offence {freeze, +Fly rC+ rN+ MR+}
   (You bought it in a shop on level 4 of the Orcish Mines)

   It has been specially enchanted to freeze those struck by it, causing extra
   injury to most foes and up to half again as much damage against particularly
   susceptible opponents.
   It can also slow down cold-blooded creatures.
   It protects you from cold.
   It protects you from negative energy.
   It affects your resistance to hostile enchantments.
   It lets you fly.
 A - the +9 hunting sling of Overwhelming Force (weapon) {venom, +Fly MP+9 Str+4 Stlth-}
   (You bought it in a shop on level 4 of the Orcish Mines)

   It poisons the ammo it fires.
   It affects your strength (+4).
   It affects your magic capacity (+9).
   It lets you fly.
   It makes you less stealthy.
 F - a +2 whip of electrocution
Missiles
 f - 334 bolts
 i - 10 sling bullets of flame
 C - 142 sling bullets
 I - 319 stones (quivered)
Armour
 r - a +3 leather armour of cold resistance (worn)
 v - a +0 helmet (worn)
 z - the +8 chain mail of Free Will {rF- Regen+ rCorr Str+4 Dex+4}
   (You found it on level 4 of the Orcish Mines)

   It affects your strength (+4).
   It affects your dexterity (+4).
   It makes you vulnerable to fire.
   It increases your rate of regeneration.
   It protects you from acid and corrosion.
 D - a +2 pair of boots (worn)
 E - a +1 cloak (worn)
 M - a +2 shield (worn)
 U - a +2 pair of gloves of strength (worn)
Jewellery
 b - an uncursed ring of ice
 t - an amulet of clarity (around neck)
 u - a ring of poison resistance (right hand)
 w - an uncursed ring of fire
 G - an uncursed ring of fire
 H - an uncursed amulet of stasis
 J - a ring of wizardry (left hand)
 W - an uncursed ring of magical power
Magical devices
 d - a wand of heal wounds (0)
 e - a wand of lightning (0)
 B - a wand of draining (6)
 K - a wand of hasting (0)
 Q - a wand of teleportation (3)
 T - a wand of random effects (33)
 V - a wand of slowing (36)
Scrolls
 a - 4 scrolls of identify
 h - 4 scrolls of enchant weapon
 k - 9 scrolls of remove curse
 m - 2 scrolls of amnesia
 p - 2 scrolls of fog
 q - 5 scrolls of teleportation
 y - 7 scrolls of recharging
 N - 3 scrolls of blinking
 P - 4 scrolls of magic mapping
 R - 2 scrolls of fear
Potions
 c - 2 potions of cure mutation
 x - 2 potions of resistance
 L - 7 potions of curing
 Z - a potion of restore abilities
Miscellaneous
 g - a sack of spiders
 X - a lantern of shadows
Comestibles
 j - a poisonous chunk of flesh
 l - 8 bread rations
 n - a beef jerky
 o - a royal jelly
 O - a meat ration
 Y - 26 fruits


   Skills:
 - Level 8.3 Fighting
   Level 2.0(8.8) Axes
 - Level 12.1 Maces & Flails
 - Level 12.2 Slings
 - Level 10.8 Armour
 - Level 13.1 Dodging
 - Level 2.6 Stealth
 + Level 12.8 Shields
 - Level 9.0 Spellcasting
 - Level 6.1 Conjurations
 - Level 0.8 Summonings
 - Level 1.1 Translocations
 - Level 5.2 Evocations


You had 18 spell levels left.
You knew the following spells:

 Your Spells              Type           Power        Failure   Level  Hunger
a - Magic Dart            Conj           ####         1%          1    None
b - Blink                 Tloc           N/A          7%          2    None
c - Mephitic Cloud        Conj/Pois/Air  ##......     9%          3    None
d - Conjure Flame         Conj/Fire      ###.....     6%          3    None
e - Call Imp              Summ           ##......     7%          2    None
f - Repel Missiles        Chrm/Air       #.....       10%         2    None
g - Swiftness             Chrm/Air       #.......     10%         2    None


Dungeon Overview and Level Annotations

Branches:
Dungeon (13/15)            Temple (1/1) D:7            Lair (8/8) D:8
  Swamp (0/5) Lair:5       Spider (3/5) Lair:4        Slime (0/6) Lair:8
    Orc (4/4) D:9             Elf (0/3) Orc:3        Vaults (0/5) D:13

Altars:
Ashenzari
Cheibriados
Dithmenos
Elyvilon
Fedhas
Gozag
Kikubaaqudgha
Makhleb
Nemelex Xobeh
Okawaru
Qazlal
Ru
Sif Muna
Trog
Vehumet
Xom
Yredelemnul
Zin
The Shining One
Jiyva

Shops:
Orc:4 =(**

Portals:
Trove: D:11 (give +3 fire dragon armour)

Annotations:
Lair:5 exclusion: oklob plant
Spider:3 Wiglaf


Innate Abilities, Weirdness & Mutations

You are resistant to damage.
You can recharge devices by infusing magical energy.
You resist negative energy.
You passively map the area around you.
You do not heal naturally.


Message History

Press: ? - help, Shift-Dir - straight line, f/p - Wiglaf
Aim: Wiglaf, wielding a broad axe, wearing a shiny plate armour and wearing a shield (flame, moderately wounded, fast, unusually strong)
You shoot a stone.
The stone hits Wiglaf but does no damage.
Wiglaf is moderately wounded.
Firing (i - inventory. (,) - cycle):
I - 320 stones (quivered)
Press: ? - help, Shift-Dir - straight line, f/p - Wiglaf
Aim: Wiglaf, wielding a broad axe, wearing a shiny plate armour and wearing a shield (flame, moderately wounded, fast, unusually strong)
You shoot a stone.
Wiglaf blocks the stone.
The redback is engulfed in noxious fumes.
Wiglaf is engulfed in roaring flames.
Wiglaf hits you with a broad axe!!
* * * LOW HITPOINT WARNING * * *
Unknown command.
You are too injured to fight recklessly!
That item cannot be evoked!
The redback is engulfed in noxious fumes.
Wiglaf is engulfed in roaring flames.
The redback is engulfed in noxious fumes.
The redback appears confused.
Wiglaf hits you with a broad axe!!!
You die...

## . ,** , .# .., , , , .# ..(.
* ## ##..:.., ,, # ##.s..... , ,
##### ###§§...... ,, #...##
#..§§§.# , , , , .....# ##..g##*
, .....## ##..@^.# #######
......### #.....####.....#
........# #....##..#..)..#
#.......## ##...^#...^.....#
#####....###^....#.[....####
....#.....######........#..#####
........### ##............#.##
.........# ##..............#
.......#.# ##......#.......


You could see Wiglaf and a redback (confused).

Vanquished Creatures
  A sphinx (D:12)
  Kirke (Spider:3)
  2 ghost moths (Spider:3)
  2 emperor scorpions (Spider:2)
  Louise (Spider:2)
  An orc warlord (Orc:4)
  2 stone giants
  A red draconian (Volcano)
  The ghost of raikaria the Cruncher, a powerful DrWz of Sif Muna (Orc:4)
  A vault guard (D:13)
  Josephine (Orc:2)
  Fannar (Orc:2)
  Harold (Orc:3)
  3 hydras
  Erica (Orc:4)
  An ogre mage (D:12)
  3 catoblepae (Lair:8)
  21 death yaks
  2 orc high priests (Orc:4)
  Urug (D:10)
  A deep troll earth mage (D:12)
  Nergalle (Orc:2)
  A fire crab (Lair:8)
  A swamp dragon (shapeshifter) (D:12)
  6 hill giants
  3 orc knights
  11 orb spiders
  A wolf spider (shapeshifter) (D:12)
  A manticore (D:12)
  2 moths of wrath (Spider:2)
  3 ugly things (D:12)
  A hornet (Spider:1)
  9 wolf spiders
  4 black mambas
  A cyclops (D:12)
  An orc sorcerer (Orc:4)
  A phantasmal warrior (D:12)
  2 griffons
  8 elephants
  Maurice (Orc:3)
  The ghost of Greenwood the Ducker, an experienced SpTm (D:6)
  A torpor snail (Lair:5)
  7 spiny frogs
  8 komodo dragons
  8 demonic crawlers
  3 deep elf priests (Orc:4)
  A queen bee (D:9)
  3 fire drakes
  5 trolls
  3 two-headed ogres
  A freezing wraith (D:12)
  13 jumping spiders
  A trapdoor spider zombie (D:12)
  A boulder beetle (Spider:2)
  A hornet zombie (D:13)
  23 blink frogs
  A blink frog (shapeshifter) (D:13)
  8 basilisks
  15 tarantellas
  7 wyverns
  4 deep elf magi
  20 redbacks
  3 hogs (Spider:3)
  A steam dragon (D:12)
  7 trapdoor spiders
  46 yaks
  4 wraiths
  3 fire bats (Lair:6)
  A vampire mosquito (D:12)
  4 deep elf fighters
  8 hippogriffs
  A hungry ghost (D:11)
  6 swamp worms (Lair:5)
  5 wolves (Lair:2)
  17 water moccasins
  16 porcupines
  18 ice beasts
  4 necrophages
  16 spiders
  8 ogres
  4 sky beasts
  A phantom (D:5)
  35 orc warriors
  15 centaurs
  5 boring beetles
  16 crocodiles
  A big kobold (D:7)
  11 giant frogs
  2 gnoll sergeants (D:8)
  10 scorpions
  A wyvern zombie (D:7)
  3 wyvern skeletons
  19 killer bees (D:9)
  An electric eel (Lair:5)
  4 goliath beetles
  7 jellies
  2 giant frog zombies
  7 lava snakes (Volcano)
  3 centaur zombies
  7 crimson imps
  28 orc priests
  2 giant frog skeletons
  5 centaur skeletons
  15 hounds
  12 iguanas
  A gnoll shaman (D:8)
  26 orc wizards
  6 hell rats (Lair:7)
  5 worker ants
  27 sheep
  Jessica (D:2)
  A hound zombie (D:8)
  Terence (D:2)
  A hound skeleton (D:4)
  A mummy (D:12)
  Robin (D:2)
  11 gnolls
  77 river rats
  4 shadow imps
  23 adders
  3 giant mites
  A worm (D:3)
  An adder skeleton (D:4)
  2 adder zombies
  4 giant geckos
  4 oozes
  179 orcs
  2 ball pythons (D:1)
  17 bats
  A bat zombie (D:6)
  6 giant cockroaches
  41 goblins
  33 hobgoblins
  26 kobolds
  5 quokkas
  A ball python skeleton (D:5)
  5 giant newts
  10 jackals
  20 rats
  A butterfly (Lair:3)
  3 crawling corpses (Orc:4)
  3 fungi
1180 creatures vanquished.

Vanquished Creatures (collateral kills)
  2 orb spiders
  A yak (Lair:6)
  3 killer bees (D:9)
  A hound (Lair:6)
  A gnoll shaman (D:8)
  2 sheep (Lair:5)
10 creatures vanquished.

Vanquished Creatures (others)
  A fire giant (D:12)
  2 yaks (D:8)
  A crocodile (Lair:6)
  3 sheep (Lair:5)
  2 orcs (Orc:2)
  A butterfly (Lair:6)
  16 fungi
  6 plants
32 creatures vanquished.

Grand Total: 1222 creatures vanquished

Notes
Turn   | Place    | Note
--------------------------------------------------------------
     0 | D:1      | Trafet, the Deep Dwarf Wizard, began the quest for the Orb.
     0 | D:1      | Reached XP level 1. HP: 15/15 MP: 3/3
   329 | D:1      | Reached skill level 3 in Spellcasting
   417 | D:1      | Reached skill level 1 in Conjurations
   417 | D:1      | Reached XP level 2. HP: 22/22 MP: 0/6
   515 | D:1      | Learned a level 2 spell: Blink
  1377 | D:1      | You fall through a shaft!
  1377 | D:2      | Noticed Terence
  1390 | D:2      | Reached XP level 3. HP: 24/28 MP: 1/7
  1510 | D:2      | Noticed Jessica
  1923 | D:2      | Noticed Robin
  2116 | D:1      | Learned a level 3 spell: Mephitic Cloud
  2293 | D:2      | Reached XP level 4. HP: 20/36 MP: 5/9
  2572 | D:2      | Killed Jessica
  3064 | D:2      | Reached skill level 4 in Conjurations
  3198 | D:2      | Reached XP level 5. HP: 28/42 MP: 1/11
  3210 | D:2      | Killed Terence
  3298 | D:2      | Killed Robin
  4176 | D:4      | Reached skill level 5 in Conjurations
  4364 | D:4      | Found a sparkling altar of Nemelex Xobeh.
  4385 | D:4      | Noticed an ogre
  4397 | D:4      | Killed an ogre
  4397 | D:4      | Reached XP level 6. HP: 38/49 MP: 1/12
  4664 | D:4      | Found a burning altar of Makhleb.
  5712 | D:5      | Entered Level 5 of the Dungeon
  5797 | D:5      | Reached XP level 7. HP: 48/55 MP: 7/14
  5969 | D:4      | Learned a level 3 spell: Conjure Flame
  5975 | D:4      | Learned a level 2 spell: Call Imp
  6018 | D:5      | Reached skill level 5 in Slings
  6221 | D:5      | Reached skill level 6 in Slings
  7022 | D:5      | Reached skill level 7 in Slings
  7464 | D:6      | Reached XP level 8. HP: 50/62 MP: 13/16
  7604 | D:6      | Noticed Greenwood's ghost (experienced SpTm)
  7621 | D:6      | Killed Greenwood's ghost
  7621 | D:6      | Reached skill level 9 in Slings
  8401 | D:6      | Reached skill level 10 in Slings
  8817 | D:6      | Gained mutation: You passively map the area around you. [level up]
  8817 | D:6      | Reached XP level 9. HP: 62/68 MP: 13/17
  9021 | D:6      | Found a staircase to the Ecumenical Temple.
  9219 | D:7      | Reached skill level 11 in Slings
  9357 | D:7      | Found a staircase to the Ecumenical Temple.
  9395 | Temple   | Entered the Ecumenical Temple
  9490 | Temple   | Became a worshipper of Makhleb the Destroyer
  9924 | D:7      | Acquired Makhleb's first power
 10019 | D:7      | Reached skill level 12 in Slings
 10725 | D:8      | Reached skill level 5 in Dodging
 10973 | D:8      | Acquired Makhleb's second power
 11208 | D:8      | Reached XP level 10. HP: 41/75 MP: 10/20
 11396 | D:8      | Reached skill level 5 in Spellcasting
 11492 | D:8      | Noticed a hill giant
 11515 | D:8      | Acquired Makhleb's third power
 11535 | D:8      | Killed a hill giant
 11628 | D:8      | Found a staircase to the Lair.
 12028 | D:8      | Acquired Makhleb's fourth power
 13043 | D:9      | Found a staircase to the Orcish Mines.
 13476 | D:9      | Acquired Makhleb's fifth power
 13821 | D:9      | Reached XP level 11. HP: 81/81 MP: 1/28
 14962 | D:10     | Entered Level 10 of the Dungeon
 15054 | Lair:1   | Entered Level 1 of the Lair of Beasts
 15087 | Orc:1    | Entered Level 1 of the Orcish Mines
 15932 | Orc:1    | Found a bloodstained altar of Trog.
 16298 | Orc:2    | Noticed Fannar
 16426 | Orc:2    | Killed Fannar
 16708 | Orc:2    | Noticed Josephine
 17397 | Orc:2    | Killed Josephine
 17676 | Orc:2    | You fall through a shaft for 2 floors!
 17676 | Orc:4    | Entered Level 4 of the Orcish Mines
 17676 | Orc:4    | Noticed raikaria's ghost (powerful DrWz)
 17720 | Orc:3    | Reached skill level 1 in Fighting
 17777 | Orc:3    | Found a staircase to the Elven Halls.
 17922 | Orc:2    | Noticed Nergalle
 17985 | Orc:2    | Killed Nergalle
 18291 | Orc:3    | Noticed Maurice
 18340 | Orc:3    | Killed Maurice
 18369 | Orc:3    | Noticed Harold
 18402 | Orc:3    | Killed Harold
 18402 | Orc:3    | Reached skill level 10 in Dodging
 19008 | Lair:1   | Reached skill level 1 in Axes
 19321 | Lair:1   | Reached skill level 1 in Maces & Flails
 19421 | Lair:1   | Reached XP level 12. HP: 77/97 MP: 29/29
 20249 | Lair:2   | Got a dazzling war axe
 20250 | Lair:2   | Identified the cursed +1 war axe of Fortitude {antimagic, *Rage Dex+5} (You found it on level 2 of the Lair of Beasts)
 20546 | Lair:2   | Reached skill level 5 in Maces & Flails
 20964 | Lair:2   | Learned a level 2 spell: Repel Missiles
 21892 | Lair:4   | Found a hole to the Spider Nest.
 23280 | Lair:5   | Reached skill level 10 in Maces & Flails
 23391 | Lair:5   | Found a frozen archway.
 23400 | IceCv    | Entered an ice cave
 23547 | IceCv    | Identified a scroll of acquirement
 24200 | Lair:5   | Found a shimmering altar of Xom.
 24376 | Lair:5   | Found a staircase to the Swamp.
 24424 | Lair:5   | Reached XP level 13. HP: 61/104 MP: 10/30
 24692 | Lair:6   | Found a dark tunnel.
 24716 | Volcano  | Entered a volcano
 24976 | Volcano  | Noticed a red draconian
 25005 | Volcano  | Killed a red draconian
 25088 | Volcano  | Found a shimmering altar of Xom.
 25103 | Volcano  | Got an encrusted hat
 25141 | Volcano  | Identified the cursed -3 hat of Submission {+Inv MR++ Stlth+} (You found it in a volcano)
 26602 | Lair:7   | Reached skill level 1 in Armour
 27252 | Lair:8   | Entered Level 8 of the Lair of Beasts
 27344 | Lair:8   | Found a viscous altar of Jiyva.
 27344 | Lair:8   | Found a staircase to the Slime Pits.
 27674 | Lair:7   | Reached skill level 5 in Armour
 28453 | Lair:6   | Reached skill level 5 in Fighting
 29042 | Lair:8   | Gained mutation: You resist negative energy. [level up]
 29042 | Lair:8   | Reached XP level 14. HP: 115/117 MP: 20/31
 29938 | Lair:8   | Got a faintly glowing blowgun
 29939 | Lair:8   | Identified the +6 blowgun "Tiduvevu" {speed, rPois rF+ Str-4 Int+2} (You found it on level 8 of the Lair of Beasts)
 30850 | Orc:3    | Noticed a stone giant
 30878 | Orc:3    | Killed a stone giant
 31096 | Orc:4    | Noticed Erica
 31096 | Orc:4    | Noticed an orc high priest
 31100 | Orc:4    | Noticed an orc warlord
 31100 | Orc:4    | Noticed an orc high priest
 31512 | D:10     | Noticed a hill giant
 31529 | D:10     | Killed a hill giant
 31573 | D:10     | Noticed Urug
 31595 | D:10     | Killed Urug
 32147 | D:11     | Found a portal to a secret trove of treasure.
 32167 | D:11     | Reached skill level 1 in Evocations
 32228 | D:11     | Reached skill level 10 in Armour
 33109 | D:12     | Found a runed door.
 33340 | D:12     | Found an opulent altar of Gozag.
 34138 | D:12     | Noticed a fire giant
 34138 | D:12     | Found a runed door.
 34173 | D:12     | Killed a fire giant
 34322 | D:12     | Noticed a sphinx
 34642 | D:12     | Killed a sphinx
 34642 | D:12     | Reached XP level 15. HP: 69/131 MP: 31/31
 34830 | D:12     | Reached skill level 13 in Dodging
 34927 | D:12     | Identified the Collected Works on the Destructive Traveller (You found it on level 12 of the Dungeon)
 34933 | D:12     | Got a heavily runed ice dragon armour
 34944 | D:12     | Identified the cursed -4 ice dragon armour "Guinas" {rElec rPois rF- rC++ Dex+2 Stlth+} (You found it on level 12 of the Dungeon)
 35240 | Lair:2   | Learned a level 2 spell: Swiftness
 35311 | Spider:1 | Entered Level 1 of the Spider Nest
 35355 | Spider:1 | Reached skill level 5 in Evocations
 35691 | Spider:1 | Reached skill level 1 in Shields
 36684 | Spider:2 | Noticed Louise
 36856 | Spider:1 | Reached skill level 5 in Shields
 36867 | Spider:1 | HP: 2/131 [wolf spider (11)]
 37453 | D:13     | Found a gate to the Vaults.
 38733 | Orc:4    | Killed an orc warlord
 38754 | Orc:4    | Killed raikaria's ghost
 39329 | Orc:4    | Killed an orc high priest
 39719 | Orc:4    | Killed Erica
 39889 | Orc:4    | Killed an orc high priest
 39901 | Orc:4    | Got a heavily runed chain mail
 39912 | Orc:4    | Identified the +8 chain mail of Free Will {rF- Regen+ rCorr Str+4 Dex+4} (You found it on level 4 of the Orcish Mines)
 39983 | Orc:4    | Found Ploynnap's General Store.
 39983 | Orc:4    | Found Heigetiopn's Antique Weapon Shop.
 40007 | Orc:4    | Found Schyazak's Assorted Antiques.
 40009 | Orc:4    | Found Uggeem's Jewellery Boutique.
 40030 | Orc:4    | Bought a dazzling hunting sling for 175 gold pieces
 40031 | Orc:4    | Bought a scroll of blinking for 112 gold pieces
 40031 | Orc:4    | Bought a potion of heal wounds for 75 gold pieces
 40031 | Orc:4    | Bought a potion of curing for 45 gold pieces
 40038 | Orc:4    | Identified the +9 hunting sling of Overwhelming Force {venom, +Fly MP+9 Str+4 Stlth-} (You bought it in a shop on level 4 of the Orcish Mines)
 40042 | Orc:4    | Bought a translucent mace for 216 gold pieces
 40045 | Orc:4    | Identified the cursed +1 mace of Defence by Offence {freeze, +Fly rC+ rN+ MR+} (You bought it in a shop on level 4 of the Orcish Mines)
 40078 | Orc:4    | Bought 3 scrolls of teleportation for 234 gold pieces
 40490 | Spider:2 | Got a crude leather armour
 40501 | Spider:2 | Identified the +1 leather armour "Pruiw" {rN+ MR- Regen+} (You found it on level 2 of the Spider Nest)
 40657 | Spider:2 | Reached skill level 10 in Shields
 41121 | Spider:2 | Killed Louise
 41386 | Spider:2 | Reached XP level 16. HP: 140/140 MP: 32/32
 41615 | Spider:3 | Noticed Kirke
 41645 | Spider:3 | Killed Kirke
 42707 | Spider:3 | Noticed Wiglaf
 42726 | Spider:3 | Slain by Wiglaf

Action                   |  1- 3 |  4- 6 |  7- 9 | 10-12 | 13-15 | 16-18 || total
-------------------------+-------+-------+-------+-------+-------+-------++-------
Melee: Dagger            |     7 |       |       |       |       |       ||     7
       Spear             |    20 |       |       |       |       |       ||    20
       Battleaxe         |       |       |       |   105 |       |       ||   105
       Whip              |       |       |       |   641 |  2594 |   143 ||  3378
       Hunting sling     |       |       |       |     1 |       |       ||     1
       Mace              |       |       |       |       |    19 |       ||    19
 Fire: Hunting sling     |       |   222 |   597 |  1398 |   337 |   103 ||  2657
Throw: Stone             |    11 |       |       |     6 |       |       ||    17
 Cast: Magic Dart        |   100 |    73 |    56 |   163 |    98 |       ||   490
       Blink             |     2 |    12 |    17 |    11 |    37 |       ||    79
       Mephitic Cloud    |     1 |    13 |    39 |   224 |   299 |    14 ||   590
       Conjure Flame     |       |       |    14 |    27 |    54 |     2 ||    97
       Repel Missiles    |       |       |       |     1 |     3 |       ||     4
Evoke: Wand              |       |     3 |     3 |     6 |    31 |       ||    43
  Use: Scroll            |     5 |     6 |     6 |     9 |    27 |       ||    53
       Potion            |       |     2 |     1 |       |     9 |     2 ||    14
 Stab: Confused          |       |       |       |    41 |   153 |     6 ||   200
       Sleeping          |       |       |       |     1 |     1 |       ||     2
       Petrifying        |       |       |       |       |     1 |       ||     1
  Eat: Chunk             |     4 |    10 |     9 |    39 |    56 |     4 ||   122
       Beef jerky        |       |     1 |       |     1 |       |       ||     2
       Pizza             |       |     1 |       |       |       |       ||     1
       Bread ration      |       |       |     3 |       |       |       ||     3
       Fruit             |       |       |       |       |     1 |       ||     1
